AoeStats
← 陟遐自迩

MegaRandom

509070296Analyzed
4v4 RM · 7d ago on Sep 25, 2026· 43m 40s· 8 players
Game mode
Random Map
Map size
Large (8 player)
Population
200
Speed
Normal
Resources
Standard
Victory
Conquest
Starting age
Dark Age
Ending age
Imperial Age
RankedLock teamsTeams togetherTeam positionsShared explorationLock speedFull tech treeHidden civsTurbo modeCheats
Victory
Defeat
🇳🇱 Varangians · Netherlands
1089
+13
1071
+14
🇨🇳 Lithuanians · China
980
+18
🇨🇳 Portuguese · China
971
+18
🇹🇼 Danes · Taiwan
1061
-17
🇩🇪 Saxons · Germany
1041
-17
🇹🇼 Mongols · Taiwan
1004
-15
🇹🇼 Japanese · Taiwan
990
-14
陟遐自迩
0:37 Loom
12:00 Feudal Age
17:34 Fishing Lines
18:48 Double-Bit Axe
19:11 Stone Mining
22:41 Castle Age
23:38 Forging
23:29 Scale Mail Armor
24:26 Gillnets
25:51 Wheelbarrow
25:03 Town Watch
26:14 Bow Saw
25:59 Gold Mining
28:02 Gold Shaft Mining
28:26 Squires
28:11 Arson
28:12 Gambesons
29:07 Iron Casting
28:47 Chain Mail Armor
31:07 Scale Barding Armor
35:59 Imperial Age
34:28 Hand Cart
38:06 Two-Man Saw
37:24 Chain Mail Armor
37:32 Conscription
38:44 Plate Mail Armor
37:37 Elite Varangian Guard
38:15 Shield Wall
38:16 Elite Hearth Troop
Dongyin Empire
11:14 Feudal Age
12:18 Double-Bit Axe
12:24 Gold Mining
12:24 Loom
12:44 Stone Mining
19:26 Castle Age
17:46 Gold Mining
18:08 Horse Collar
19:27 Fletching
19:38 Padded Archer Armor
25:58 Bodkin Arrow
27:51 Town Watch
29:07 Bloodlines
28:58 Husbandry
31:27 Wheelbarrow
34:49 Imperial Age
32:40 Leather Archer Armor
33:24 Hand Cart
35:24 Ballistics
35:03 Murder Holes
35:19 Masonry
38:55 Bracer
39:57 Chemistry
39:03 Siege Engineers
40:22 Conscription
39:22 Elite Mangudai
OuO
5:03 Loom
10:52 Feudal Age
11:19 Double-Bit Axe
18:56 Horse Collar
21:37 Castle Age
23:03 Bow Saw
23:21 Stone Mining
23:26 Gold Mining
24:47 Heavy Plow
26:00 Wheelbarrow
26:30 Gold Shaft Mining
27:54 Fletching
28:18 Forging
28:08 Scale Mail Armor
28:17 Caravan
weiweifallen
10:38 Feudal Age
12:26 Double-Bit Axe
15:46 Castle Age
14:49 Horse Collar
19:01 Scale Barding Armor
19:03 Loom
20:21 Fletching
23:56 Elite Skirmisher
24:01 Pikeman
25:55 Wheelbarrow
37:07 Bodkin Arrow
38:04 Bow Saw
39:27 Thumb Ring
44:20 Imperial Age
打帝国需要戴老花镜
7:47 Loom
13:17 Feudal Age
14:48 Double-Bit Axe
22:35 Castle Age
22:02 Fletching
22:39 Crossbowman
25:58 Wheelbarrow
31:19 Thumb Ring
33:34 Ballistics
34:00 Masonry
36:51 Elite Skirmisher
40:30 Imperial Age
38:53 Royal Heirs
39:03 Caravan
43:07 Conscription
42:46 Elite Shotel Warrior
42:55 Arbalester
1530937567
0:32 Loom
10:39 Feudal Age
16:29 Castle Age
14:41 Double-Bit Axe
15:27 Horse Collar
24:19 Stone Mining
25:08 Gold Mining
30:52 Imperial Age
29:16 Town Watch
29:49 Forging
30:10 Bow Saw
30:24 Heavy Plow
31:55 Wheelbarrow
32:43 Iron Casting
34:05 Two-Man Saw
33:59 Scale Barding Armor
35:21 Chain Barding Armor
36:25 Plate Barding Armor
36:39 Stone Shaft Mining
38:37 Elite Leitis
40:35 Hoardings
忘情
5:37 Loom
12:21 Feudal Age
14:20 Horse Collar
14:27 Double-Bit Axe
19:43 Castle Age
17:46 Gold Mining
17:49 Stone Mining
21:16 Stone Shaft Mining
23:49 Wheelbarrow
23:57 Heavy Plow
27:49 Imperial Age
26:07 Bow Saw
27:10 Fletching
30:10 Chemistry
29:32 Ballistics
29:23 Masonry
29:24 Fortified Wall
31:13 Bodkin Arrow
39:23 Town Watch
39:56 Hand Cart
40:57 Guilds
41:17 Coinage
41:45 Bracer
42:56 Banking
deRoode
10:39 Feudal Age
14:58 Castle Age
14:30 Double-Bit Axe
18:58 Fishing Lines
19:42 Horse Collar
20:06 Loom
24:51 Wheelbarrow
24:29 Heavy Plow
26:05 Scale Barding Armor
27:54 Stone Mining
27:54 Gold Mining
29:22 Scale Mail Armor
29:32 Forging
30:34 Chain Barding Armor
32:35 Iron Casting
31:51 Fletching
32:06 Husbandry
32:16 Bloodlines
32:57 Vendel Legacy
36:52 Imperial Age
36:21 Bodkin Arrow
36:40 Bow Saw
38:37 Blast Furnace
38:12 Plate Barding Armor
37:17 Cavalier
40:21 Hand Cart
39:52 Town Watch
39:38 Elite Skirmisher
40:44 Ballistics
Connection lost

Rejoining the realm…

Still unreachable

The connection could not be restored.

Session expired

The server has moved on; the page needs a fresh start.